 Dungeon Crawl Stone Soup version 0.25.1-2-g60ff931df9 (webtiles) character file.

Game seed: 8826958574118255444

59 gruber the Charmwright (level 4, 2/38 HPs)
             Began as a Gnoll Skald on Oct 8, 2020.
             Quit the game on level 2 of the Dungeon.
             The game lasted 00:01:10 (1058 turns).

gruber the Charmwright (Gnoll Skald)                Turns: 1058, Time: 00:01:11

Health: 2/38       AC:  3    Str: 12 (13) XL:     4   Next: 3%
Magic:  11/11      EV: 13    Int: 15 (17) God:
Gold:   28         SH:  0    Dex: 12 (14) Spells: 8/13 levels left

rFire    . . .     SeeInvis .   a - +0 spear
rCold    . . .     Gourm    .   (no shield)
rNeg     . . .     Faith    .   b - +0 leather armour
rPois    .         Spirit   .   (no helmet)
rElec    .         Reflect  .   (no cloak)
rCorr    .         Harm     .   (no gloves)
MR       .....                  (no boots)
Stlth    +.........             (no amulet)
HPRegen  0.12/turn              (no ring)
MPRegen  0.12/turn              (no ring)

@: brilliant, lethally poisoned (2 -> -2), stab, hasted, very quick
A: distributed training, fangs 1, strong nose
a: no special abilities


You were on level 2 of the Dungeon.
You were hungry.

You visited 1 branch of the dungeon, and saw 2 of its levels.

You collected 28 gold pieces.

Inventory:

Hand Weapons
 a - a +0 spear (weapon)
Armour
 b - a +0 leather armour (worn)
Jewellery
 g - a +4 ring of evasion {unknown}
 i - an uncursed ring of protection from magic {unknown}
Scrolls
 e - 2 scrolls of identify {unknown}
 h - a scroll of random uselessness {unknown}
 m - a scroll of fog {unknown}
Potions
 c - a potion of haste
Comestibles
 d - 6 rations


   Skills:
 + Level 4.6 Fighting
 + Level 1.0 Short Blades
 + Level 1.0 Long Blades
 + Level 1.0 Axes
 + Level 1.0 Maces & Flails
 + Level 4.6 Polearms
 + Level 1.0 Staves
 + Level 1.0 Slings
 + Level 1.0 Bows
 + Level 1.0 Crossbows
 + Level 1.0 Throwing
 + Level 2.7 Armour
 + Level 4.6 Dodging
 + Level 1.0 Stealth
 + Level 1.0 Shields
 + Level 1.0 Unarmed Combat
 + Level 5.0 Spellcasting
 + Level 0.7 Conjurations
 + Level 0.7 Hexes
 + Level 5.4 Charms
 + Level 0.7 Summonings
 + Level 0.7 Necromancy
 + Level 0.7 Translocations
 + Level 0.7 Transmutations
 + Level 0.7 Fire Magic
 + Level 0.7 Ice Magic
 + Level 0.7 Air Magic
 + Level 0.7 Earth Magic
 + Level 0.7 Poison Magic
 + Level 1.1 Invocations
 + Level 1.0 Evocations


You had 8 spell levels left.
You knew the following spells:

 Your Spells              Type           Power        Failure   Level  Hunger
a - Infusion              Chrm           ####         2%          1    None
b - Song of Slaying       Chrm           ####....     3%          2    None
c - Shroud of Golubria    Chrm/Tloc      ###...       9%          2    None

Your spell library contained the following spells:

 Spells                   Type           Power        Failure   Level  Hunger
 Ozocubu's Armour         Chrm/Ice       ###.....     17%         3    None
 Spectral Weapon          Hex/Chrm       ###.....     17%         3    None


Dungeon Overview and Level Annotations

Branches:
Dungeon (2/15)

Altars:


Innate Abilities, Weirdness & Mutations

Your experience applies equally to all skills.
You have very sharp teeth.
Your uncanny sense of smell can sniff out nearby items.


Message History

You feel sick.
* * * LOW HITPOINT WARNING * * *
You feel sick.
* * * LOW HITPOINT WARNING * * *
You feel sick.
* * * LOW HITPOINT WARNING * * *
You feel sick.
There is a lethal amount of poison in your body!
There is a lethal amount of poison in your body!
There is a lethal amount of poison in your body!
* * * LOW HITPOINT WARNING * * *
You feel sick.
* * * LOW HITPOINT WARNING * * *
You feel sick.
* * * LOW HITPOINT WARNING * * *
You feel sick.
* * * LOW HITPOINT WARNING * * *
You feel sick.
Unknown command.
Are you sure you want to abandon this character and quit the game? (Confirm with "yes".)

###..............#
..##############.#
#.# #.# #.# #.#
#.# #.# #.# #.#
#.# #.# #.#
#.##### #.#
#@....# #.#
#####.# #.#


There were no monsters in sight!

Vanquished Creatures
  3 adders (D:2)
  2 dart slugs
  2 leopard geckos
  A giant cockroach (D:2)
  2 goblins
  3 hobgoblins
  4 bats
  2 frilled lizards
  4 kobolds
  6 rats
29 creatures vanquished.

Notes
Turn   | Place    | Note
-------+----------+-------------------------------------------
     0 | D:1      | gruber the Gnoll Skald began the quest for the Orb.
     0 | D:1      | Reached XP level 1. HP: 20/20 MP: 6/6
   295 | D:1      | Reached XP level 2. HP: 26/26 MP: 7/7
   596 | D:2      | Learned a level 2 spell: Song of Slaying
   599 | D:2      | Learned a level 2 spell: Shroud of Golubria
   616 | D:2      | Reached skill level 5 in Spellcasting
   616 | D:2      | Reached XP level 3. HP: 31/31 MP: 0/9
   867 | D:2      | Reached skill level 1 in Invocations
  1031 | D:2      | Reached skill level 1 in Short Blades
  1031 | D:2      | Reached skill level 1 in Long Blades
  1031 | D:2      | Reached skill level 1 in Axes
  1031 | D:2      | Reached skill level 1 in Maces & Flails
  1031 | D:2      | Reached skill level 1 in Staves
  1031 | D:2      | Reached skill level 1 in Slings
  1031 | D:2      | Reached skill level 1 in Bows
  1031 | D:2      | Reached skill level 1 in Crossbows
  1031 | D:2      | Reached skill level 1 in Throwing
  1031 | D:2      | Reached skill level 1 in Stealth
  1031 | D:2      | Reached skill level 1 in Shields
  1031 | D:2      | Reached skill level 1 in Unarmed Combat
  1031 | D:2      | Reached skill level 1 in Evocations
  1031 | D:2      | Reached XP level 4. HP: 16/38 MP: 11/11
  1058 | D:2      | Quit the game

Illustrated notes

Levels and vault maps discovered:
D:1:      roderic_crossed_star, layout_basic, minmay_misc_feat_five,
          minmay_heptomino_o4
D:2:      layout_loops_ring

Skill      XL: |  1  2  3 |
---------------+----------+-----
Spellcasting   | 5 |  5.0
Invocations    | 1 |  1.1
Short Blades   | 1 |  1.0
Long Blades    | 1 |  1.0
Axes           | 1 |  1.0
Maces & Flails | 1 |  1.0
Staves         | 1 |  1.0
Slings         | 1 |  1.0
Bows           | 1 |  1.0
Crossbows      | 1 |  1.0
Throwing       | 1 |  1.0
Stealth        | 1 |  1.0
Shields        | 1 |  1.0
Unarmed Combat | 1 |  1.0
Evocations     | 1 |  1.0
Fighting       | |  4.6
Polearms       | |  4.6
Armour         | |  2.7
Dodging        | |  4.6
Conjurations   | |  0.7
Hexes          | |  0.7
Charms         | |  5.4
Summonings     | |  0.7
Necromancy     | |  0.7
Translocations | |  0.7
Transmutations | |  0.7
Fire Magic     | |  0.7
Ice Magic      | |  0.7
Air Magic      | |  0.7
Earth Magic    | |  0.7
Poison Magic   | |  0.7

Action                   |  1- 3 |  4- 6 || total
-------------------------+-------+-------++-------
Melee: Spear             |    84 |       ||    84
       Bite              |     8 |       ||     8
 Cast: Infusion          |     4 |       ||     4
       Shroud of Golubri |     1 |       ||     1
       Song of Slaying   |     1 |       ||     1
  Use: Potion            |       |     4 ||     4
 Stab: Sleeping          |     1 |       ||     1
Armor: Leather armour    |    13 |       ||    13
Dodge: Dodged            |    44 |       ||    44
